 Dungeon Crawl Stone Soup version 0.27.1-34-g3ba077fa99 (webtiles) character file.

Game seed: 1655986077466939785

50820 raph the Destroyer (level 14, -7/80 HPs)
             Began as a Deep Elf Fire Elementalist on Jan 29, 2022.
             Was a High Priest of Sif Muna.
             Mangled by a red ugly thing (18 damage)
             ... on level 6 of the Lair of Beasts.
             The game lasted 01:01:18 (25522 turns).

raph the Destroyer (Deep Elf Fire Elementalist)    Turns: 25522, Time: 01:01:19

Health: -7/80      AC: 18    Str: 13    XL:     14   Next: 21%
Magic:  1/39       EV: 20    Int: 26    God:    Sif Muna [*****.]
Gold:   549        SH:  0    Dex: 15    Spells: 2/34 levels left

rFire    . . .     SeeInvis +   m - +5 war axe of Outrage {venom, Str+4 SInv}
rCold    . . .     Faith    .   (no shield)
rNeg     . . .     Spirit   .   K - +4 steam dragon scales
rPois    .         Reflect  .   g - +2 helmet
rElec    +         Harm     .   q - +1 cloak
rCorr    .         Rampage  .   v - +2 pair of gloves {Stlth+}
Will     .....                  (no boots)
Stlth    +++++.....             G - amulet of regeneration
HPRegen  1.23/turn              o - ring of Harmony {Wiz rElec Will- MP+9 Str+4}
MPRegen  0.26/turn              L - +4 ring of evasion

@: no status effects
A: no striking features
a: Renounce Religion, Channel Magic, Forget Spell, Divine Exegesis


You were on level 6 of the Lair of Beasts.
You worshipped Sif Muna.
Sif Muna was extremely pleased with you.
You visited 3 branches of the dungeon, and saw 16 of its levels.
You also visited: Sewer and Ossuary.

You collected 2030 gold pieces.
You spent 1481 gold pieces at shops.

Inventory:

Hand Weapons
 a - a +0 short sword of venom
 b - a +0 dagger of speed
 f - a +1 dagger
 m - the +5 war axe of Outrage (weapon) {venom, Str+4 SInv}
   (You bought it in a shop on level 2 of the Dungeon)

   It poisons the flesh of those it strikes.
   Str:       It affects your strength (+4).
   SInv:      It lets you see invisible.
 t - a +0 vorpal war axe
 S - a +0 broad axe of electrocution
Missiles
 r - 3 throwing nets
Armour
 g - a +2 helmet (worn)
 q - a +1 cloak (worn)
 v - a +2 pair of gloves of stealth (worn)
 K - +4 steam dragon scales (worn)
 Z - a +0 buckler
Jewellery
 d - a +6 ring of dexterity
 o - the ring of Harmony (left hand) {Wiz rElec Will- MP+9 Str+4}
   (You bought it in a shop on level 3 of the Dungeon)

   [ring of wizardry]

   It improves your spell success rate.
   Str:       It affects your strength (+4).
   rElec:     It insulates you from electricity.
   MP:        It affects your magic capacity (+9).
   Will:      It decreases your willpower.
 C - a ring of ice
 G - an amulet of regeneration (around neck)
 H - a ring of resist corrosion
 L - a +4 ring of evasion (right hand)
 N - a ring of fire
Wands
 p - a wand of paralysis (23)
 w - a wand of iceblast (16)
 y - a wand of digging (6)
 I - a wand of flame (16)
 P - a wand of acid (18)
 X - a wand of charming (7)
Scrolls
 e - 9 scrolls of teleportation
 k - a scroll of blinking
 l - 3 scrolls of enchant weapon
 B - 3 scrolls of fog
 E - 4 scrolls of immolation
 Q - 4 scrolls of fear
 R - 2 scrolls of identify
 W - a scroll of silence
Potions
 c - 10 potions of curing
 i - 2 potions of heal wounds
 j - 2 potions of ambrosia
 s - 3 potions of haste
 u - 2 potions of berserk rage
 x - a potion of invisibility
 z - 2 potions of resistance
 A - 2 potions of magic
 D - 2 potions of flight
 F - 3 potions of might
 O - a potion of mutation


   Skills:
 + Level 6.0 Fighting
 - Level 4.2 Axes
 + Level 4.7 Armour
 + Level 9.0 Dodging
 + Level 9.7 Stealth
 - Level 4.0 Shields
 + Level 10.9 Spellcasting
 * Level 11.3 Conjurations
 - Level 8.2 Hexes
 + Level 11.2 Fire Magic
 + Level 2.6 Ice Magic
 * Level 3.7 Air Magic
 + Level 9.1 Invocations


You had 2 spell levels left.
You knew the following spells:

 Your Spells              Type           Power      Damage    Failure   Level
a - Foxfire               Conj/Fire      100%       2x1d9     1%          1
b - Conjure Flame         Conj/Fire      64%        6-21      1%          3
c - Sticky Flame          Conj/Fire      64%        2d8       1%          4
d - Animate Skeleton      Necr           28%        N/A       1%          1
e - Fireball              Conj/Fire      32%        3d14      1%          5
f - Tukima's Dance        Hex            55%        N/A       1%          3
g - Inner Flame           Hex/Fire       60%        N/A       1%          3
h - Dazzling Flash        Conj/Hex       100%       N/A       1%          3
i - Freezing Cloud        Conj/Ice/Air   22%        6-21      4%          5
j - Summon Lightning Spi  Summ/Air       23%        N/A       8%          4

Your spell library contained the following spells:

 Spells                   Type           Power      Damage    Failure   Level
 Pain                     Necr           56%        1d6       1%          1
 Sting                    Tmut/Pois      56%        1d5       1%          1
 Summon Small Mammal      Summ           56%        N/A       1%          1
 Confusing Touch          Hex            55%        N/A       1%          3
 Stone Arrow              Conj/Erth      86%        3d12      1%          3
 Summon Guardian Golem    Hex/Summ       35%        N/A       1%          3
 Iskenderun's Mystic Bla  Conj/Tloc      43%        2d10      1%          4
 Bolt of Magma            Conj/Fire/Erth 26%        4d12      2%          5
 Metabolic Englaciation   Hex/Ice        21%        N/A       4%          5
 Silence                  Hex/Air        22%        N/A       4%          5
 Call Canine Familiar     Summ           14%        N/A       5%          3
 Gell's Gravitas          Tloc           7%         N/A       5%          3
 Teleport Other           Tloc           14%        N/A       5%          3
 Vampiric Draining        Necr           7%         2d7       5%          3
 Yara's Violent Unravell  Hex/Tmut       17%        3d8       9%          5
 Passage of Golubria      Tloc           N/A        N/A       16%         4
 Agony                    Necr           14%        N/A       41%         5
 Summon Forest            Summ/Tloc      7%         N/A       41%         5
 Spellforged Servitor     Conj/Summ      21%        N/A       77%         7
 Simulacrum               Ice/Necr       10%        N/A       80%         6
 Statue Form              Tmut/Erth      9%         N/A       92%         6
 Lehudib's Crystal Spear  Conj/Erth      21%        10d6      100%        8
 Dragon's Call            Summ           7%         N/A       100%        9
 Polar Vortex             Ice            14%        N/A       100%        9
 Shatter                  Erth           7%         3d9*      100%        9


Dungeon Overview and Level Annotations

Branches:
Dungeon (9/15)             Temple (1/1) D:6            Lair (6/6) D:9
 Shoals (0/4) Lair:2        Snake (0/4) Lair:4        Slime (0/5) Lair:5
  Sewer (visited)         Ossuary (visited)
    Orc: D:9-12

Altars:
Ashenzari
Cheibriados
Dithmenos
Elyvilon
Fedhas
Gozag
Hepliaklqana
Kikubaaqudgha
Makhleb
Nemelex Xobeh
Okawaru
Qazlal
Ru
Sif Muna
Trog
Uskayaw
Vehumet
Wu Jian
Xom
Yredelemnul
Zin
The Shining One
Jiyva

Shops:
D:2 (   D:3 **(=   D:4 *[=[

Annotations:
D:9 3 runed translucent doors, Garym's ghost, novice GrEE
Lair:2 exclusion: 2 oklob plants


Message History

The eight-headed hydra burns!
Your lightning spire shoots out a bolt of lightning at the eight-headed hydra!
The bolt of electricity hits the eight-headed hydra!
The eight-headed hydra dies!
Sif Muna accepts your kill. The smoke demon gestures at you.
The ball of steam hits you. You resist. The smoke demon gestures at you.
Something smites you!
Your lightning spire shoots out a bolt of lightning at the smoke demon!
The bolt of electricity hits the red ugly thing!
The bolt of electricity hits the smoke demon!
The red ugly thing misses you.
Your lightning spire shoots out a bolt of lightning at the smoke demon!
The bolt of electricity hits the red ugly thing.
The bolt of electricity hits the smoke demon!
You barely miss the red ugly thing.
The red ugly thing is lightly wounded.
The red ugly thing gores you.
You are engulfed in flames!
The smoke demon gestures at you. Something smites you!
* * * LOW HITPOINT WARNING * * *
The red ugly thing gores you but does no damage.
The smoke demon gestures at you. The ball of steam hits you. You resist.
* * * LOW HITPOINT WARNING * * *
Your lightning spire shoots out a bolt of lightning at the red ugly thing!
The bolt of electricity hits the red ugly thing.
Casting: Summon Lightning Spire (dangerous; 8% risk of failure)
Confirm with . or Enter, or press ? or * to list all spells.
Aiming: Fireball (mildly dangerous; 1% risk of failure)
Press: ? - help, Shift-Dir - straight line, f - smoke demon
Aim: a smoke demon (steam, moderately wounded)
The fireball explodes!
The fireball engulfs the smoke demon.
The smoke demon resists.
The smoke demon is heavily wounded.
The red ugly thing gores you!
* * * LOW HITPOINT WARNING * * *
You are engulfed in flames!!
You die...

........#.#
P.........
#........ ####
.P.....#.
####P.#### .P.....#
#.§......# P....#.
##@u..8.## #..$#..
#...§§§.#####....#.
##...§§..#...#....#
##..3§............
#..........#.#(..
##..........###.P.
#.#..........#####
#.#...........#.# #
..............### #


You could see a red ugly thing (ally target), a smoke demon and a friendly
lightning spire (summoned).

Vanquished Creatures
  Fannar (Lair:2)
  A boulder beetle (Lair:3)
  Harold (D:8)
  9 hydras
  A catoblepas (Lair:3)
  2 death yaks (Lair:5)
  A thrashing horror (Lair:6)
  Urug (Lair:5)
  Sonja (Lair:3)
  A swamp dragon (shapeshifter) (Lair:5)
  A necromancer (Lair:6)
  Pikel (D:5)
  An ugly thing (Lair:6)
  3 elephants (Lair:3)
  6 black mambas
  9 cane toads
  7 komodo dragons
  2 rime drakes
  An ancient zyme (Lair:6)
  4 polar bears (Lair:4)
  Grinder (D:5)
  2 hornets
  4 dream sheep (Lair:6)
  27 blink frogs
  6 wyverns
  4 basilisks
  2 chaos spawn
  63 yaks
  2 steam dragons (D:8)
  A warg (shapeshifter) (Lair:6)
  8 small abominations (Lair:6)
  22 water moccasins
  An orc warrior (D:9)
  A large abomination (Lair:6)
  3 sky beasts
  5 black bears
  2 ice beasts
  A necrophage (D:6)
  2 ogres (D:6)
  3 wolves (Lair:2)
  2 centaurs
  A lemure (D:4)
  A phantom (D:5)
  3 kobold brigands
  Blork the orc (D:5)
  15 bullfrogs
  2 gnoll sergeants
  9 scorpions
  A wyvern zombie (D:7)
  A water moccasin skeleton (D:6)
  13 killer bees (D:9)
  4 howler monkeys
  6 centaur zombies
  A jelly (D:6)
  A hound (D:4)
  5 orc priests
  Crazy Yiuf (D:4)
  A gnoll shaman (D:5)
  2 human zombies (Ossuary)
  5 iguanas
  7 hell rats
  4 orc wizards
  3 yak simulacra (Lair:6)
  5 scorpion zombies (Ossuary)
  4 polar bear simulacra (Lair:6)
  2 wolf simulacra (Lair:6)
  A killer bee zombie (D:4)
  A hound skeleton (D:4)
  3 mummies (Ossuary)
  Robin (D:2)
  2 howler monkey skeletons
  9 gnolls
  9 adders
  A white imp (D:7)
  An ufetubus (D:5)
  A worm (D:3)
  2 dart slugs
  15 orcs
  4 ball pythons
  5 endoplasms
  2 giant cockroaches
  14 goblins
  7 hobgoblins
  A jackal (D:3)
  22 kobolds
  A quokka (D:4)
  7 bats
  A frilled lizard (D:3)
  4 gnoll zombies (Ossuary)
  4 goblin zombies (Ossuary)
  2 kobold zombies (Ossuary)
  6 rats
  2 river rat simulacra (Lair:6)
442 creatures vanquished.

Vanquished Creatures (collateral kills)
  2 hydras (Lair:6)
  A fire crab (Lair:5)
  A dream sheep (Lair:6)
  3 hell rats (Lair:6)
  4 foxfires
11 creatures vanquished.

Vanquished Creatures (others)
  2 bushes
  684 foxfires
  73 fungi
  108 plants
867 creatures vanquished.

Grand Total: 1320 creatures vanquished

Notes
Turn   | Place    | Note
-------+----------+-------------------------------------------
     0 | D:1      | raph the Deep Elf Fire Elementalist began the quest for the
                  | Orb.
     0 | D:1      | Reached XP level 1. HP: 10/10 MP: 6/6
   732 | D:1      | Found a faded altar of an unknown god.
  1308 | D:2      | Reached XP level 2. HP: 15/15 MP: 6/8
  1370 | D:2      | Found Mackyen's Antique Weapon Emporium.
  1387 | D:2      | Noticed Robin
  1595 | D:2      | Killed Robin
  1596 | D:2      | Reached XP level 3. HP: 19/19 MP: 3/9
  2275 | D:2      | Learned a level 3 spell: Conjure Flame
  2435 | D:3      | Found Umumuucs's General Store.
  2501 | D:3      | Found Ycaha's General Store.
  2520 | D:3      | Bought a scroll of identify for 26 gold pieces
  2523 | D:3      | Identified a scroll of acquirement
  2523 | D:3      | Acquired 1256 gold pieces
  2549 | D:3      | Bought a scroll of teleportation for 39 gold pieces
  2549 | D:3      | Bought a potion of heal wounds for 65 gold pieces
  2549 | D:3      | Bought a scroll of enchant armour for 97 gold pieces
  2585 | D:2      | Bought an ichor-stained war axe for 178 gold pieces
  2585 | D:2      | Identified the +5 war axe of Outrage {venom, Str+4 SInv}
                  | (You bought it in a shop on level 2 of the Dungeon)
  2662 | D:3      | Reached XP level 4. HP: 24/24 MP: 5/10
  2739 | D:3      | Learned a level 4 spell: Sticky Flame
  2917 | D:3      | Found Qafa Acs's Jewellery Shop.
  2922 | D:3      | Bought the ring of Harmony {Wiz rElec Will- MP+9 Str+4} for
                  | 805 gold pieces
  3171 | D:3      | Found Woesh's Weapon Boutique.
  3564 | D:4      | Found Pasat's Antique Armour Shop.
  3590 | D:4      | Reached skill level 5 in Fire Magic
  3590 | D:4      | Reached XP level 5. HP: 28/28 MP: 11/11
  3755 | D:4      | Bought a cloak for 85 gold pieces
  3760 | D:4      | Acquired Sif Muna's Handbook of the Ghastly Oath
  3767 | D:4      | Learned a level 1 spell: Animate Skeleton
  3927 | D:4      | Found Ymul's General Store.
  4284 | D:4      | Acquired a +0 pair of gloves of stealth
  4304 | D:4      | Found Hihou's Jewellery Emporium.
  4407 | D:4      | Reached XP level 6. HP: 14/32 MP: 13/13
  4634 | D:4      | Found Hecs's Antique Armour Emporium.
  4652 | D:4      | Found a blossoming altar of Fedhas.
  4869 | D:4      | Found a runed translucent door.
  4870 | D:4      | Noticed Crazy Yiuf
  5089 | D:4      | Killed Crazy Yiuf
  5263 | D:5      | Entered Level 5 of the Dungeon
  5263 | D:5      | Noticed Pikel
  5394 | D:5      | Killed Pikel
  5395 | D:5      | Reached skill level 5 in Conjurations
  5395 | D:5      | Reached XP level 7. HP: 36/36 MP: 9/18
  5426 | D:5      | Noticed Blork the orc
  5434 | D:5      | Killed Blork the orc
  5620 | D:5      | Reached XP level 8. HP: 41/41 MP: 19/19
  5651 | D:5      | Noticed Grinder
  5658 | D:5      | Killed Grinder
  5758 | D:5      | Found a glowing drain.
  5767 | Sewer    | Entered a sewer
  6045 | Sewer    | Learned a level 5 spell: Fireball
  6425 | D:5      | Learned a level 3 spell: Tukima's Dance
  6692 | D:6      | Reached skill level 1 in Fighting
  6871 | D:4      | Bought a potion of magic for 96 gold pieces
  6871 | D:4      | Bought a scroll of enchant armour for 90 gold pieces
  6979 | D:6      | Found a staircase to the Ecumenical Temple.
  6981 | D:6      | Reached skill level 1 in Hexes
  6995 | Temple   | Entered the Ecumenical Temple
  7185 | Temple   | Became a worshipper of Sif Muna the Loreminder
  7795 | D:5      | Learned a level 3 spell: Inner Flame
  7843 | D:6      | Reached XP level 9. HP: 47/47 MP: 21/22
  9818 | D:8      | Reached skill level 5 in Stealth
 10012 | D:8      | Found a sand-covered staircase.
 10021 | Ossuary  | Entered an ossuary
 10056 | Ossuary  | Reached * piety under Sif Muna
 10611 | Ossuary  | Reached skill level 5 in Dodging
 10611 | Ossuary  | Reached skill level 1 in Invocations
 10948 | Ossuary  | Reached XP level 10. HP: 55/55 MP: 24/24
 11219 | D:8      | Noticed Harold
 11233 | D:8      | Killed Harold
 11429 | D:8      | Reached ** piety under Sif Muna
 11531 | D:7      | Learned a level 3 spell: Dazzling Flash
 11857 | D:8      | Reached skill level 5 in Hexes
 12152 | D:8      | Identified the -2 cloak "Xitwe" {rPois Will++}
 12646 | D:9      | Reached skill level 1 in Armour
 13351 | D:9      | Reached XP level 11. HP: 60/60 MP: 3/26
 13743 | D:9      | Found a staircase to the Lair.
 13807 | D:9      | Reached *** piety under Sif Muna
 14177 | D:9      | Noticed Garym's ghost (novice GrEE)
 14184 | D:9      | Found a runed translucent gate.
 14184 | D:9      | Found a runed translucent gate.
 14184 | D:9      | Found a runed translucent gate.
 14187 | D:9      | Noticed a tengu warrior
 14473 | Lair:1   | Entered Level 1 of the Lair of Beasts
 14559 | D:9      | Reached skill level 5 in Invocations
 15137 | Lair:1   | Noticed a four-headed hydra
 15145 | Lair:1   | Killed a four-headed hydra
 15146 | Lair:1   | Reached skill level 10 in Spellcasting
 15221 | Lair:1   | Noticed an eight-headed hydra
 15230 | Lair:1   | Killed an eight-headed hydra
 16048 | Lair:2   | Reached skill level 1 in Axes
 16065 | Lair:2   | Noticed a six-headed hydra
 16369 | Lair:2   | Noticed Fannar
 16377 | Lair:2   | Killed Fannar
 16390 | Lair:2   | Reached XP level 12. HP: 67/67 MP: 4/28
 16829 | Lair:2   | Noticed a four-headed hydra
 16837 | Lair:2   | Killed a four-headed hydra
 16838 | Lair:2   | Reached skill level 10 in Fire Magic
 17043 | Lair:2   | Reached **** piety under Sif Muna
 17332 | Lair:2   | Found a staircase to the Shoals.
 17572 | Lair:2   | Killed a six-headed hydra
 18105 | Lair:3   | Noticed a boulder beetle
 18234 | Lair:3   | Noticed Sonja
 18811 | Lair:3   | Noticed an eight-headed hydra
 18819 | Lair:3   | Reached skill level 5 in Fighting
 18821 | Lair:3   | Killed an eight-headed hydra
 19133 | Lair:3   | Killed a boulder beetle
 19134 | Lair:3   | Reached skill level 10 in Conjurations
 19137 | Lair:3   | Killed Sonja
 19658 | Lair:4   | Noticed a catoblepas
 19929 | Lair:4   | Reached XP level 13. HP: 19/72 MP: 4/29
 20061 | Lair:3   | Learned a level 5 spell: Freezing Cloud
 20746 | Lair:4   | Found a staircase to the Snake Pit.
 21329 | Lair:4   | Acquired Sif Muna's Volume of Creative Changing
 21336 | Lair:4   | Learned a level 4 spell: Summon Lightning Spire
 21954 | Lair:5   | Reached skill level 1 in Shields
 21959 | Lair:5   | Noticed Urug
 22653 | Lair:5   | Reached ***** piety under Sif Muna
 22659 | Lair:5   | Received a gift from Sif Muna
 22662 | Lair:5   | Got Tybisiar's Collected Works on Dislocated Creation {god
                  | gift}
 22671 | Lair:5   | Identified the +8 trident of Bloodstone {flame, Str+3
                  | Int+2}
 22821 | Lair:5   | Reached skill level 1 in Air Magic
 23022 | Lair:5   | Killed Urug
 23023 | Lair:5   | Reached skill level 1 in Ice Magic
 23151 | Lair:5   | Found a viscous altar of Jiyva.
 23154 | Lair:5   | Found a staircase to the Slime Pits.
 23704 | Lair:6   | Entered Level 6 of the Lair of Beasts
 24429 | Lair:6   | Reached XP level 14. HP: 75/79 MP: 4/30
 25522 | Lair:6   | Mangled by a red ugly thing

Illustrated notes

Levels and vault maps discovered:
D:1:      dpeg_arrival_arbitrary_a, layout_loops_ring, serial_forest,
          infiniplex_forest_clump_large, infiniplex_forest_3_way,
          infiniplex_forest_clump_small, infiniplex_forest_lined_corner,
          infiniplex_forest_lined_ring, ebering_ecumenical_altar_rust
D:2:      layout_basic, serial_shops, nicolae_shop_overgrown_old_shop,
          st_stairs_11, uniq_robin
D:3:      layout_basic, serial_shops,
          nicolae_shop_temple_entry_statues_fountains, shop_statue,
          nicolae_shop_temple_entry_statues_fountains, shop, hex_large,
          kennysheep_path_1, st_stairs_5
D:4:      layout_basic, mainiacjoe_overflow_alcove_1, serial_shops,
          nicolae_shop_overgrown_old_shop, nicolae_take_the_stairs,
          nicolae_inconvenience_store, shop, uniq_crazy_yiuf_cottage
D:5:      layout_cave_pools, portal_sewer_entry_d, st_stairs_12,
          dk_rats_in_the_wall, uniq_pikel, uniq_grinder, uniq_blork_the_orc
D:6:      layout_gridville, minmay_temple_entry_proselytizer, dk_vineyard_3,
          kennysheep_decorative_pillar, minivault_24
D:7:      layout_basic
D:8:      layout_basic, nicolae_ossuary_entry_monument, sigmund_army,
          uniq_harold
D:9:      layout_big_octagon, minmay_lair_entry_grove, gammafunk_ghost_split
Temple:   roderic_octagonal_lattice_temple
Lair:1:   layout_chaotic_city, grunt_megastairs_2
Lair:2:   layout_gridlike, shoals_dummy_entry, minmay_lair_oklob_chamber,
          uniq_fannar
Lair:3:   layout_big_grid, uniq_sonja
Lair:4:   layout_regular_city, minmay_snake_entry_six_corridors,
          small_statue_intersection, cheibrodos_lair_lostbears
Lair:5:   layout_roguey, dpeg_slime_entry_enclosed_altar, uniq_urug
Lair:6:   hellmonk_lair_end_abyssal_woods, layout_cave_pods, minivault_23,
          eino_house_with_fridge

Skill      XL: |  1  2  3  4  5  6  7  8  9 10 11 12 13 14 |
---------------+-------------------------------------------+-----
Conjurations   | 2 3 4 5 6 7 8 9 10 11 | 11.3
Fire Magic     | 4 5 6 7 8 9 10 11 | 11.2
Spellcasting   | 6 7 8 9 10 | 10.9
Stealth        | 3 5 6 7 8 9 |  9.7
Fighting       | 1 2 3 4 5 6 |  6.0
Dodging        | 3 5 6 7 8 9 |  9.0
Hexes          | 2 4 5 7 8 |  8.2
Invocations    | 1 4 6 8 9 |  9.1
Armour         | 1 3 4 |  4.7
Axes           | 1 3 4 |  4.2
Shields        | 4 |  4.0
Air Magic      | 3 |  3.7
Ice Magic      | 2 |  2.6

Action                   |  1- 3 |  4- 6 |  7- 9 | 10-12 | 13-15 || total
-------------------------+-------+-------+-------+-------+-------++-------
Melee: Dagger            |     4 |       |       |       |       ||     4
       Short sword       |     4 |       |       |       |       ||     4
       War axe           |     1 |    14 |    30 |    63 |    91 ||   199
 Cast: Foxfire           |    77 |   106 |    96 |    77 |    59 ||   415
       Animate Skeleton  |       |     3 |       |     7 |     7 ||    17
       Sticky Flame      |       |     2 |    27 |    48 |    44 ||   121
       Fireball          |       |       |    45 |   171 |   109 ||   325
       Conjure Flame     |       |       |    14 |     2 |       ||    16
       Dazzling Flash    |       |       |       |     9 |     8 ||    17
       Inner Flame       |       |       |       |     8 |     3 ||    11
       Polar Vortex      |       |       |       |     1 |       ||     1
       Summon Lightning  |       |       |       |       |     3 ||     3
       Freezing Cloud    |       |       |       |       |     2 ||     2
Invok: Channel Magic     |       |       |       |     1 |     1 ||     2
       Divine Exegesis   |       |       |       |     1 |       ||     1
  Use: Scroll            |     6 |     7 |    15 |    12 |     3 ||    43
       Potion            |       |       |       |     4 |       ||     4
 Stab: Sleeping          |     1 |     3 |       |     1 |     1 ||     6
       Distracted        |       |       |     2 |       |     1 ||     3
       Invisible         |       |       |       |       |     5 ||     5
Armor: Robe              |     2 |     6 |     7 |       |       ||    15
       Steam dragon scal |       |       |    25 |    51 |    71 ||   147
Dodge: Dodged            |    16 |    15 |    48 |   143 |   228 ||   450
